 Dungeon Crawl Stone Soup version 0.25-a0-404-gc1b5a34292 (webtiles) character file.

Game seed: 14533591723237023095, levelgen mode: deterministic

29 DeadFury222 the Chopper (level 3, -1/33 HPs)
             Began as a Hill Orc Monk on Jan 10, 2020.
             Slain by a black bear (2 damage)
             ... on level 2 of the Dungeon.
             The game lasted 00:05:31 (1068 turns).

DeadFury222 the Chopper (Hill Orc Monk)             Turns: 1068, Time: 00:05:31

Health: -1/33      AC: 10    Str: 14    XL:     3   Next: 16%
Magic:  3/3        EV:  4    Int: 15    God:
Gold:   25         SH:  0    Dex: 13    Spells: 2/2 levels left

rFire    . . .     SeeInvis .   a - +0 hand axe
rCold    . . .     Gourm    .   (no shield)
rNeg     . . .     Faith    .   h - +0 plate armour
rPois    .         Spirit   .   (no helmet)
rElec    .         Reflect  .   (no cloak)
rCorr    .         Harm     .   (no gloves)
MR       .....                  (no boots)
Stlth    ..........             (no amulet)
HPRegen  0.11/turn              (no ring)
MPRegen  0.08/turn              (no ring)

@: brilliant
A: no striking features
a: no special abilities


You were on level 2 of the Dungeon.
You were not hungry.

You visited 1 branch of the dungeon, and saw 2 of its levels.

You collected 25 gold pieces.

Inventory:

Hand Weapons
 a - a +0 hand axe (weapon)
Missiles
 e - 18 stones (quivered)
Armour
 h - a +0 plate armour (worn)
Scrolls
 d - a scroll of fog {unknown}
 g - a scroll of blinking {unknown}
Potions
 f - a potion of curing {unknown}
Comestibles
 c - 3 rations


   Skills:
 + Level 4.1 Fighting
 + Level 4.8 Axes
 * Level 1.0 Armour
 - Level 2.5 Dodging
 - Level 1.6 Stealth


You had 2 spell levels left.
You didn't know any spells.
Your spell library was empty.

Dungeon Overview and Level Annotations

Branches:
Dungeon (2/15)

Altars:


Message History

The black bear is severely wounded.
The black bear bites you but does no damage.
The black bear barely misses you. The black bear claws you.
* * * LOW HITPOINT WARNING * * *
You hit the black bear.
The black bear is almost dead.
The black bear bites you.
* * * LOW HITPOINT WARNING * * *
The black bear claws you.
* * * LOW HITPOINT WARNING * * *
The black bear claws you but does no damage.
It was a potion of brilliance.
You feel clever all of a sudden.
The black bear goes berserk!
You hit the black bear but do no damage.
The black bear is almost dead.
The black bear bites you but does no damage.
The black bear claws you but does no damage. x2
The black bear barely misses you. The black bear claws you.
You die...

##########
#.....@..#
#.##.h.#.#
....... #
#........
..........#
...##...#.#
... #...#.#
.. #####.#


You could see a black bear (berserk).

Vanquished Creatures
  3 bats (D:1)
  A giant cockroach (D:1)
  6 goblins (D:1)
  4 hobgoblins (D:1)
  3 jackals (D:1)
  3 kobolds (D:1)
  2 frilled lizards (D:1)
  5 rats (D:1)
27 creatures vanquished.

Notes
Turn   | Place    | Note
-------+----------+-------------------------------------------
     0 | D:1      | DeadFury222 the Hill Orc Monk began the quest for the Orb.
     0 | D:1      | Reached XP level 1. HP: 19/19 MP: 1/1
   131 | D:1      | Reached XP level 2. HP: 27/27 MP: 2/2
   638 | D:1      | Reached XP level 3. HP: 28/33 MP: 3/3
   758 | D:1      | Reached skill level 1 in Armour
  1054 | D:2      | Noticed a black bear
  1066 | D:2      | HP: 1/33 [black bear (3)]
  1068 | D:2      | Slain by a black bear

Levels and vault maps discovered:
D:1:      lordsloth_arrival_two_stooges, layout_loops_corners
D:2:      layout_loops_corners, old_standard_altar, first_ration,
          grunt_qazlal_clouds, uniq_robin, uniq_jessica

Skill      XL: |  1  2  3 |
---------------+----------+-----
Fighting       | 4 |  4.1
Armour         | 1 |  1.0
Axes           | |  4.8
Dodging        | |  2.5
Stealth        | |  1.6

Action                   || total
-------------------------++-------
Melee: Hand axe          ||   115
Throw: Stone             ||    25
  Use: Potion            ||     1
  Eat: Chunk             ||     1
Armor: Robe              ||     4
       Plate armour      ||    80
       Leather armour    ||     2
Dodge: Dodged            ||    24

Table legend:
 A = Non-vault XP
 B = Vault XP
 C = Vault XP percentage of total XP
 D = Non-vault monster count
 E = Vault monster count
 F = Vault count percentage of total count
                 A         B        C        D         E       F
            +---------+---------+-------+---------+---------+-------
      Total |      42 |       0 |   0.0 |      27 |       0 |   0.0
            +---------+---------+-------+---------+---------+-------
        D:1 |      42 |       0 |   0.0 |      27 |       0 |   0.0
            +---------+---------+-------+---------+---------+-------
